 Dungeon Crawl Stone Soup version 0.26-a0-597-gb535b0901c (webtiles) character file.

Game seed: 246124153833726453

49 Lanoc the Conjurer (level 3, -5/19 HPs)
             Began as a Deep Elf Conjurer on Sept 12, 2020.
             Slain by a phantom (9 damage)
             ... on level 2 of the Dungeon.
             The game lasted 00:02:15 (1113 turns).

Lanoc the Conjurer (Deep Elf Conjurer)              Turns: 1113, Time: 00:02:16

Health: -5/19      AC:  2    Str:  4    XL:     3   Next: 53%
Magic:  0/9        EV: 13    Int: 23    God:
Gold:   68         SH:  0    Dex: 13    Spells: 5/8 levels left

rFire    . . .     SeeInvis .   g - +2 dagger (drain)
rCold    . . .     Faith    .   (no shield)
rNeg     . . .     Spirit   .   a - +0 robe
rPois    .         Reflect  .   (no helmet)
rElec    .         Harm     .   (no cloak)
rCorr    .                      (no gloves)
MR       .....                  (no boots)
Stlth    ++........             (no amulet)
HPRegen  0.06/turn              (no ring)
MPRegen  0.11/turn              (no ring)

@: no status effects
A: no striking features
a: no special abilities


You were on level 2 of the Dungeon.
You visited 1 branch of the dungeon, and saw 2 of its levels.

You collected 68 gold pieces.

Inventory:

Hand Weapons
 g - a +2 dagger of draining (weapon)
Armour
 a - a +0 robe (worn)
Scrolls
 b - 3 scrolls of remove curse {unknown}
 c - a scroll of fog {unknown}
 d - 2 scrolls of identify {unknown}
 f - a scroll of amnesia {unknown}
 h - a scroll of teleportation {unknown}
Potions
 e - a potion of might {unknown}
 i - 2 potions of curing {unknown}
 j - a potion of heal wounds {unknown}


   Skills:
 + Level 3.3 Dodging
 - Level 2.4 Stealth
 - Level 3.0 Spellcasting
 * Level 5.4 Conjurations


You had 5 spell levels left.
You knew the following spells:

 Your Spells              Type           Power        Failure   Level
a - Magic Dart            Conj           ####         1%          1
b - Searing Ray           Conj           ####..       1%          2

Your spell library contained the following spells:

 Spells                   Type           Power        Failure   Level
 Dazzling Flash           Conj/Hex       ###...       12%         3
 Fulminant Prism          Conj/Hex       ###.......   36%         4
 Iskenderun's Mystic Bla  Conj/Tloc      ###.....     36%         4


Dungeon Overview and Level Annotations

Branches:
Dungeon (2/15)

Altars:
Dithmenos


Message History

Your magical contamination has completely faded away.
You hit the phantom but do no damage.
The phantom is heavily damaged.
The phantom hits you.
Casting: Searing Ray (safe; 1% risk of failure)
Confirm with . or Enter, or press ? or * to list all spells.
Aiming: Magic Dart (safe; 1% risk of failure)
Press: ? - help, Shift-Dir - straight line, f - phantom
Aim: a phantom (heavily damaged)
The magic dart hits the phantom.
The phantom is severely damaged.
The phantom hits you.
* * * LOW HITPOINT WARNING * * *
The phantom blinks!
Things that are here:
a +0 club; a hobgoblin corpse You barely miss the phantom.
The phantom is heavily damaged.
The phantom hits you!
You die...

#<###+###(#
# #.###.#..#
###........#
..#...#.#.##
#.#.).#.#..#
#.#...#.# .#
#.#...#.# .#
#.#...#.# #
#@#...#.#
#W#...#.#
#.#...#
#.....#
###...#
#...# ...##
#####


You could see a phantom.

Vanquished Creatures
  An adder (D:2)
  A worm (D:2)
  2 dart slugs (D:2)
  2 leopard geckos (D:1)
  4 bats
  4 goblins
  5 hobgoblins
  4 jackals (D:2)
  A frilled lizard (D:1)
  4 kobolds
  2 rats
30 creatures vanquished.

Notes
Turn   | Place    | Note
-------+----------+-------------------------------------------
     0 | D:1      | Lanoc the Deep Elf Conjurer began the quest for the Orb.
     0 | D:1      | Reached XP level 1. HP: 10/10 MP: 6/6
   110 | D:1      | Reached XP level 2. HP: 15/15 MP: 5/8
   275 | D:2      | Reached skill level 5 in Conjurations
   301 | D:1      | Learned a level 2 spell: Searing Ray
   570 | D:2      | Reached XP level 3. HP: 19/19 MP: 4/9
   773 | D:2      | Found a shadowy altar of Dithmenos.
  1097 | D:2      | Noticed a phantom
  1113 | D:2      | Slain by a phantom

Illustrated notes

Levels and vault maps discovered:
D:1:      minmay_arrival_glassed_features, layout_basic
D:2:      layout_basic, lemuel_crystal_altar

Skill      XL: |  1  2 |
---------------+-------+-----
Dodging        | 3 |  3.3
Conjurations   | 5 |  5.4
Stealth        | |  2.4
Spellcasting   | |  3.0

Action                   || total
-------------------------++-------
Melee: Dagger            ||     8
 Cast: Magic Dart        ||    53
       Searing Ray       ||     2
Armor: Robe              ||     1
Dodge: Dodged            ||    11

Table legend: (Time is in decaauts)
 A = Elapsed time spent in this place.
 B = Non-inter-level travel time spent in this place.
 C = Inter-level travel time spent in this place.
 D = Time resting spent in this place.
 E = Time spent auto-exploring this place.
 F = Levels seen in this place.
 G = Mean time per level.
                   A        B        C        D        E       F      G
               +--------+--------+--------+--------+--------+-----+--------+
         Total |   1113 |   1109 |      4 |    255 |    677 |   2 |  556.5 |
       Dungeon |   1113 |   1109 |      4 |    255 |    677 |   2 |  556.5 |
               +--------+--------+--------+--------+--------+-----+--------+

Top non-repeatable levels by time:
     D:2: 582 daAuts
     D:1: 530 daAuts
